 Dungeon Crawl Stone Soup version 0.22.1-1-ga44c0e56f4 (webtiles) character file.

494 Gargoyl the Chopper (level 6, 0/53 HPs)
             Began as a Centaur Abyssal Knight on Nov 5, 2018.
             Was a Priest of Lugonu.
             Slain by a white imp (5 damage)
             ... summoned by Eustachio
             ... on level 4 of the Dungeon.
             The game lasted 00:08:26 (6317 turns).

Gargoyl the Chopper (Centaur Abyssal Knight)        Turns: 6317, Time: 00:08:27

Health: 0/53       AC: 11    Str: 12 (15) XL:     6   Next: 92%
Magic:  8/8        EV:  3    Int: 14 (16) God:    Lugonu [***...]
Gold:   235        SH:  0    Dex:  8 (10) Spells: 5/5 levels left

rFire    . . .     SeeInvis .   a - +1 hand axe
rCold    . . .     Gourm    .   (no shield)
rNeg     . . .     Faith    .   i - +0 chain mail (curse)
rPois    .         Spirit   .   (helmet restricted)
rElec    .         Reflect  .   n - +1 cloak
rCorr    .         Harm     .   (no gloves)
MR       .....                  (no barding)
Stlth    ..........             d - amulet of magic regeneration
HPRegen  0.17/turn              (no ring)
MPRegen  0.36/turn              (no ring)

@: brilliant, berserk cooldown, slowed
A: large, beak, hooves 3, rugged brown scales 1, deformed body, speed 2, tough
skin 3
a: Depart the Abyss, Bend Space, Banish, Renounce Religion


You were on level 4 of the Dungeon.
You worshipped Lugonu.
Lugonu was most pleased with you.
You were hungry.

You visited 1 branch of the dungeon, and saw 5 of its levels.
You visited the Abyss 1 time.

You collected 235 gold pieces.

Inventory:

Hand Weapons
 a - a +1 hand axe (weapon)
 l - a +0 war axe
Armour
 h - the +1 helmet of Soxkeo {rN+}
   (You found it on level 2 of the Abyss)

   It protects you from negative energy.
 i - a cursed +0 chain mail (worn)
 n - a +1 cloak (worn)
Jewellery
 d - an amulet of magic regeneration (around neck)
Scrolls
 b - a scroll of blinking
 k - 7 scrolls of identify
 m - 2 scrolls of teleportation
Potions
 e - a potion of degeneration
 g - a potion of mutation
Comestibles
 c - 9 rations


   Skills:
 + Level 4.0 Fighting
 + Level 4.0 Axes
 * Level 3.2 Armour
 + Level 1.2 Dodging
 * Level 3.9 Invocations


You had 5 spell levels left.
You didn't know any spells.
Your spell library was empty.

Dungeon Overview and Level Annotations

Branches:
Dungeon (5/15)             Temple (0/1) D:4

Altars:
Cheibriados
Dithmenos
Qazlal
Sif Muna
Trog
Vehumet
Yredelemnul

Annotations:
D:4 Eustachio


Innate Abilities, Weirdness & Mutations

You have hooves in place of feet.
Armour fits poorly on your strangely shaped body.
You cover ground very quickly.
You have extremely tough skin. (AC +3)
You have a beak for a mouth.
You are partially covered in rugged brown scales. (AC +1, +3% HP)


Message History

You feel better.
The bat hits you but does no damage. x2; The bat hits you.
* * * LOW HITPOINT WARNING * * *
The bat hits you but does no damage.
The quokka bites you but does no damage.
The white imp gestures at you. The puff of frost hits you!
The bat hits you but does no damage.
Eustachio casts a spell.
Eustachio blinks!
The quokka bites you but does no damage.
The white imp gestures at you. The puff of frost hits you!
* * * LOW HITPOINT WARNING * * *
You feel better. The bat hits you but does no damage.
The bat barely misses you. The bat hits you but does no damage. x2
Eustachio hits you but does no damage. The quokka bites you.
* * * LOW HITPOINT WARNING * * *
The white imp hits you.
* * * LOW HITPOINT WARNING * * *
The white imp freezes you.
You die...

....## #..##.#
.#########..##.############
............#.............#
...########.#############.#
...#............# #.#
...#........####### #.#
...#........###...## #.#
...#........##⌠.r@⌠## #.#
...#........#..b@...# #.#
...#........#.bb5.>.# #.#
............#.......# #.#
............##⌠...⌠######.#
............###...##......#
.....#......#.##)###########
...).########.#...##.......#
.........# #.#.#..........#
######...####.#.####.#######


You could see Eustachio, a white imp, a quokka and 3 bats.

Vanquished Creatures
  An ice beast (D:5)
  A scorpion (D:4)
  A bullfrog skeleton (D:4)
  2 hounds
  2 orc wizards
  A worker ant (D:4)
  A hound skeleton (D:4)
  7 adders
  4 oozes
  4 worms
  2 dart slugs
  A leopard gecko (D:5)
  9 orcs
  5 bats
  5 giant cockroaches
  2 gnoll zombies (D:3)
  5 goblins
  7 hobgoblins
  4 jackals (D:1)
  8 kobolds
  2 quokkas
  3 frilled lizards (D:2)
  A quokka skeleton (D:5)
  8 rats
86 creatures vanquished.

Notes
Turn   | Place    | Note
-------+----------+-------------------------------------------
     0 | Abyss:1  | Gargoyl the Centaur Abyssal Knight began the quest for the
                  | Orb.
     0 | Abyss:1  | Reached XP level 1. HP: 19/19 MP: 2/2
    60 | Abyss:2  | Noticed an orange demon
    92 | Abyss:2  | Got a crude helmet
    98 | Abyss:2  | Identified the +1 helmet of Soxkeo {rN+} (You found it on
                  | level 2 of the Abyss)
   131 | Abyss:3  | Noticed a snapping turtle simulacrum
   131 | Abyss:3  | Noticed a large abomination
   135 | Abyss:3  | Noticed a raiju
   139 | D:1      | Escaped the Abyss
   180 | D:1      | Reached * piety under Lugonu
   383 | D:1      | Reached XP level 2. HP: 21/26 MP: 3/3
  1879 | D:2      | Reached XP level 3. HP: 28/31 MP: 4/4
  2469 | D:2      | Found a shadowy altar of Dithmenos.
  2486 | D:2      | Reached XP level 4. HP: 24/38 MP: 5/5
  2977 | D:2      | Found a deep blue altar of Sif Muna.
  3062 | D:3      | Reached ** piety under Lugonu
  3408 | D:3      | Reached skill level 1 in Dodging
  3467 | D:3      | Reached XP level 5. HP: 23/45 MP: 7/7
  3999 | D:3      | Found a basalt altar of Yredelemnul.
  4277 | D:4      | Noticed an ogre
  4307 | D:4      | Found a stormy altar of Qazlal.
  4676 | D:4      | Found a snail-covered altar of Cheibriados.
  5160 | D:4      | Found a shadowy altar of Dithmenos.
  5182 | D:4      | Reached XP level 6. HP: 40/52 MP: 8/8
  5246 | D:4      | Found a staircase to the Ecumenical Temple.
  5385 | D:4      | Noticed a moth of wrath
  5388 | D:4      | Found a bloodstained altar of Trog.
  5648 | D:5      | Entered Level 5 of the Dungeon
  5648 | D:5      | Noticed an ice beast
  5710 | D:5      | Reached *** piety under Lugonu
  5716 | D:5      | Killed an ice beast
  5761 | D:5      | Found a radiant altar of Vehumet.
  6010 | D:5      | Noticed Eustachio
  6291 | D:4      | Gained mutation: You are partially covered in rugged brown
                  | scales. (AC +1, +3% HP) [potion of mutation]
  6291 | D:4      | Gained mutation: You have a beak for a mouth. [potion of
                  | mutation]
  6316 | D:4      | HP: 2/53 [white imp/puff of frost[Eustachio] (9)]
  6317 | D:4      | Slain by a white imp

Skill      XL: |  1  2  3  4  5  6 |
---------------+-------------------+-----
Axes           | 2 3 4 |  4.0
Armour         | 2 3 |  3.2
Dodging        | 1 |  1.2
Invocations    | 3 |  3.9
Fighting       | 4 |  4.0

Action                   |  1- 3 |  4- 6 || total
-------------------------+-------+-------++-------
Melee: Hand axe          |   171 |   243 ||   414
       Kick              |    16 |    52 ||    68
       Peck              |       |     1 ||     1
Invok: Depart the Abyss  |     1 |       ||     1
  Use: Scroll            |     4 |     5 ||     9
       Potion            |       |     9 ||     9
  Eat: Chunk             |     4 |    10 ||    14
Armor: Leather armour    |    95 |    33 ||   128
       Skin              |       |     2 ||     2
       Chain mail        |       |   239 ||   239
       Scale mail        |       |     9 ||     9
Dodge: Dodged            |    84 |    89 ||   173
